Map: Honorgrounds LE

Players

ame

  • Race: Terran Terran
  • League: Diamond
  • Spawn Location: 11:00

Musumeci - Winner!

  • Race: Zerg Zerg
  • League: Diamond
  • Spawn Location: 7:00

VOD

Have the link to the VOD?

Description

Time

  • Played on: March 24, 2017, 7:59 a.m.
  • Length: 11:21
Show
View Real Time Build Order
Export as new Build Order

ame Terran 

Build Orders: Reaper Expand, MMM Bio 

Get SALT Encoding   

  12  0:00  SCV  
  13  0:13  SCV  
  14  0:18  Supply Depot  
  14  0:25  SCV  
  15  0:31  Refinery  
  15  0:39  SCV  
  16  0:46  Barracks  
  16  0:51  SCV  
  17  1:03  SCV  
  18  1:16  SCV  
  19  1:32  Orbital Command  
  19  1:33  Reaper  
  20  1:45  Command Center  
  20  1:56  Factory  
  20  2:00  SCV  
  21  2:16  Barracks Reactor  
  21  2:18  SCV  
  22  2:23  Supply Depot  
  22  2:26  Refinery  
  22  2:30  SCV  
  23  2:44  SCV  
  24  2:56  SCV  
  25  3:00  Starport, Hellion x2  
  25  3:01  Marine  
  25  3:03  Orbital Command  
  30  3:16  SCV  
  31  3:21  Marine  
  31  3:22  Hellion  
  31  3:23  Hellion  
  36  3:29  SCV x2  
  38  3:35  Supply Depot  
  38  3:37  Medivac  
  40  3:43  Armory  
  40  3:44  SCV  
  40  3:45  SCV  
  42  3:49  Widow Mine  
  42  3:52  Widow Mine  
  46  3:56  Marine  
  46  3:58  Supply Depot  
  46  4:01  SCV x2  
  49  4:23  Barracks Reactor, Supply Depot  
  49  4:34  SCV x2  
  51  4:43  Refinery  
  51  4:44  Refinery  
  51  4:46  SCV x2  
  51  4:47  Barracks  
  51  4:48  Barracks  
  51  4:51  Starport Reactor  
  53  4:58  SCV x2  
  55  5:28  Widow Mine x2  
  55  5:29  Marine x2  
  55  5:30  Medivac x2  
  63  6:01  Widow Mine x2, Marine x2  
  70  6:12  Barracks Reactor, Barracks Tech Lab  
  70  6:14  SCV  
  70  6:18  Supply Depot  
  70  6:20  Supply Depot  
  70  6:22  Supply Depot  
  70  6:23  SCV  
  70  6:24  Command Center  
  69  6:29  Medivac  
  69  6:30  Marine  
  70  6:39  Marine, Medivac  
  73  6:46  SCV x2  
  75  6:48  Stimpack, Marine x3  
  75  6:51  Marauder  
  80  6:58  SCV x2  
  80  7:00  Engineering Bay  
  80  7:01  Engineering Bay  
  82  7:03  Marine  
  82  7:06  Widow Mine, Marine x3  
  82  7:07  Widow Mine  
  90  7:10  SCV x2  
  92  7:21  Marine  
  93  7:24  Marine  
  94  7:35  Marine x2  
  94  7:36  Marauder  
  98  7:38  Marine  
  98  7:40  Supply Depot  
  98  7:43  Barracks  
  99  7:45  Barracks, Supply Depot  
  99  7:47  Barracks  
  99  7:53  Factory Tech Lab, Barracks  
  88  8:20  Marine  
  88  8:21  Marauder, Marine x3  
  88  8:22  Siege Tank  
  95  8:35  Supply Depot  
  95  8:36  Supply Depot  
  95  8:42  Barracks Reactor  
  95  8:43  Barracks Tech Lab x2  
  85  8:56  Marine x3  
  85  8:57  Marauder, Marine x2  
  81  9:07  Terran Infantry Armor Level 1, Terran Infantry Weapons Level 1  
  81  9:10  Terran Vehicle Weapons Level 1  
  81  9:11  Marauder x2, Combat Shields  
  81  9:12  Concussive Shells  
  81  9:14  Siege Tank  
  88  9:18  Marauder  
  90  9:26  Marine x2, Command Center  
  90  9:27  Marine x6  
  98  9:32  Marauder  
  98  9:33  Marauder  
  98  9:37  Orbital Command  
  102  9:39  Marauder  
  102  9:44  Marine x3  
  102  9:45  Marine x3, Medivac x2  
  114  9:54  Marauder x2  
  114  9:58  Factory  
  118  10:01  Marauder  
  118  10:05  Missile Turret  
  120  10:10  Marine x4  
  120  10:11  Marine x4  
  120  10:13  Siege Tank  
  131  10:15  Marauder x2  
  131  10:17  Supply Depot  
  131  10:19  Supply Depot  
  131  10:20  Supply Depot  
  135  10:22  Marauder  
  127  10:40  Medivac x2  
  131  10:43  Marauder, Marine x6  
  131  10:44  Marauder x2, Marine x2  
Show
View Real Time Build Order
Export as new Build Order

Musumeci Zerg - Winner!

Build Orders: Hatch First 

Get SALT Encoding   

  12  0:06  Drone  
  13  0:08  Drone  
  13  0:13  Extractor  
  13  0:15  Drone  
  15  0:41  Hatchery  
  14  0:47  Drone, Extractor  
  15  1:02  Spawning Pool  
  14  1:06  Extractor  
  14  1:08  Drone  
  14  1:14  Drone, Extractor  
  16  1:19  Overlord  
  16  1:44  Drone x3  
  19  1:49  Queen  
  21  1:55  Queen  
  23  2:01  Drone x2  
  24  2:25  Queen, Overlord  
  26  2:31  Queen  
  28  2:40  Overlord  
  28  2:44  Drone x5  
  34  2:51  Drone  
  34  2:55  Drone  
  35  2:59  Drone x3  
  35  3:05  Overlord  
  38  3:06  Drone  
  38  3:07  Drone  
  38  3:11  Extractor  
  39  3:14  Extractor  
  39  3:16  Roach Warren  
  37  3:24  Drone x3  
  37  3:26  Drone  
  37  3:27  Drone  
  42  3:37  Drone x4  
  46  3:43  Drone x4  
  50  4:01  Evolution Chamber  
  50  4:02  Roach, Evolution Chamber  
  50  4:11  Roach  
  50  4:12  Hatchery  
  50  4:14  Overlord  
  50  4:17  Overlord  
  51  4:33  Roach x4  
  51  4:35  Lair  
  51  4:36  Drone x4  
  63  4:38  Extractor  
  63  4:43  Drone, Extractor  
  62  4:46  Drone  
  62  4:49  Drone  
  64  5:00  Roach  
  64  5:06  Roach  
  67  5:42  Roach  
  71  5:43  Roach x2  
  68  5:59  Spore Crawler  
  68  6:03  Drone x8  
  73  6:33  Drone  
  73  6:35  Spore Crawler  
  73  6:36  Spore Crawler  
  72  6:49  Extractor  
  72  6:50  Drone x4, Extractor  
  72  6:53  Overlord x10  
  74  7:01  Glial Reconstitution  
  74  7:04  Zerg Ground Armor Level 1, Zerg Missile Weapons Level 1  
  74  7:19  Drone x6  
  74  7:20  Drone x5  
  74  7:22  Ravager x2  
  87  7:23  Ravager x7  
  87  7:29  Drone x2  
  96  7:33  Drone x4  
  102  7:37  Roach x4  
  108  7:47  Drone  
  108  7:50  Roach x5  
  119  7:59  Spore Crawler  
  118  8:10  Roach  
  118  8:11  Roach x8  
  127  8:32  Roach  
  127  8:33  Roach x8  
  145  8:46  Roach x4  
  145  8:48  Overlord  
  153  8:49  Hatchery, Extractor  
  153  8:50  Ravager  
  153  8:51  Extractor  
  147  9:08  Roach x7  
  161  9:10  Ravager  
  161  9:11  Overlord x3  
  162  9:29  Ravager x8  
  162  9:30  Ravager x4  
  174  9:37  Roach x5  
  184  9:53  Overlord  
  184  9:58  Roach  
  186  10:00  Overlord x4  
  186  10:09  Infestation Pit  
  173  10:31  Roach x4  
  173  10:32  Roach x10  
  190  10:41  Drone  
  190  10:42  Drone x3  
  194  10:46  Overseer x2  
Tags
 
Add a new tag
Caveats
  • Supply blocks, unpowered buildings, or Contaminate may cause inaccurate times.
  • Supply counts are checked every 10 seconds.